 Dungeon Crawl Stone Soup version 0.17-a0-1508-ge7f3dc3 (webtiles) character file.

51 urechis the Sneak (level 4, 0/28 HPs)
             Began as a Kobold Berserker on July 10, 2015.
             Was a Believer of Trog.
             Slain by an adder (2 damage)
             ... on level 2 of the Dungeon.
             The game lasted 00:01:44 (962 turns).

urechis the Sneak (Kobold Berserker)                 Turns: 962, Time: 00:01:44

Health: 0/28       AC:  2    Str: 15    XL:     4   Next: 7%
Magic:  4/4        EV: 15    Int:  5    God:    Trog [**....]
Gold:   88         SH:  0    Dex: 16    Spells: 0 memorised, 3 levels left

rFire  . . .     SeeInvis .     a - +0 short sword
rCold  . . .     Clarity  .     b - +0 animal skin
rNeg   . . .     SustAt   .     (shield restricted)
rPois  .         Gourm    .     (no helmet)
rElec  .         Spirit   .     (no cloak)
rCorr  .         Warding  .     (no gloves)
rMut   .         Stasis   .     (no boots)
MR     ++...                    (no amulet)
Stlth  +++.......               (no ring)
                                (no ring)

@: lethally poisoned (0 -> -1), exhausted, regenerating, very resistant to
hostile enchantments, fairly stealthy
A: carnivore 3
a: Burn Spellbooks, Berserk, Trog's Hand, Renounce Religion


You were on level 2 of the Dungeon.
You worshipped Trog.
Trog was pleased with you.
You were not hungry.

You visited 1 branch of the dungeon, and saw 2 of its levels.

You collected 88 gold pieces.

Inventory:

Hand weapons
 a - a +0 short sword (weapon)
Armour
 b - a +0 animal skin (worn)
Jewellery
 m - an uncursed ring of fire {unknown}
Scrolls
 d - a scroll of random uselessness {unknown}
 e - a scroll of remove curse {unknown}
 f - a scroll of magic mapping {unknown}
 j - 2 scrolls of identify {unknown}
Potions
 g - a potion of lignification {unknown}
 h - 2 potions of agility {unknown}
 i - 2 potions of haste {unknown}
 k - a potion of degeneration {unknown}
 l - a potion of cancellation {unknown}
Comestibles
 c - 2 meat rations


   Skills:
 - Level 3.2 Fighting
 - Level 4.0 Short Blades
 - Level 1.5 Armour
 - Level 2.4 Dodging
 + Level 4.8 Stealth


You had 3 spell levels left.
You didn't know any spells.

Dungeon Overview and Level Annotations

Branches:
Dungeon (2/15)

Altars:
The Shining One


Innate Abilities, Weirdness & Mutations

You are small and have problems with some larger weapons.
You are carnivorous and can eat meat at any time.


Message History

Your skin crawls.
You feel resistant to hostile enchantments.
You feel slightly more hungry.
You feel sick. The bat misses you. The adder closely misses you.
The adder barely misses you.
You feel sick. The bat hits you.
* * * LOW HITPOINT WARNING * * *
The adder misses you.
You feel sick. The bat closely misses you. The adder closely misses you.
You hit the adder.
The adder is heavily wounded.
You feel yourself speed up.
You feel sick. The bat closely misses you. The adder barely misses you.
The adder bites you.
* * * LOW HITPOINT WARNING * * *
You are more poisoned.
The adder poisons you!
You miss the adder.
The adder is heavily wounded.
You feel sick. The adder bites you.
You die...

# #.# ########.#
##### ......##†#
#...# #####.##.#
#...# ......##.#
#...# ########.#
#...# .....#
#.#####..b# ####
####.#
#.##......# ...
<.>..#
#.##.....@##.#
######
#.).÷.....S..###
#
####...........#
# ###......<..#
# #.........# .
+........... #
#.........###
#.........#
#.........#


You could see an adder and a bat.

Vanquished Creatures
  2 adders (D:2)
  An ooze (D:1)
  A worm (D:2)
  A giant gecko (D:2)
  A ball python (D:2)
  2 giant cockroaches
  A hobgoblin (D:2)
  2 jackals (D:1)
  A quokka (D:2)
  5 bats (D:1)
  3 goblins
  4 kobolds
  4 rats
28 creatures vanquished.

Notes
Turn   | Place    | Note
--------------------------------------------------------------
     0 | D:1      | urechis the Kobold Berserker began the quest for the Orb.
     0 | D:1      | Reached XP level 1. HP: 14/14 MP: 1/1
    57 | D:1      | Reached skill level 1 in Stealth
   323 | D:1      | Reached XP level 2. HP: 16/19 MP: 2/2
   688 | D:2      | Reached XP level 3. HP: 18/23 MP: 3/3
   754 | D:2      | Found a glowing golden altar of the Shining One.
   809 | D:2      | Acquired Trog's second power
   928 | D:2      | Reached XP level 4. HP: 28/28 MP: 4/4
   962 | D:2      | Slain by an adder

Vault maps used:
D:1:      matt_arrival_refuge
D:2:      old_standard_altar, tso_altar

Action                   |  1- 3 |  4- 6 || total
-------------------------+-------+-------++-------
Melee: Short sword       |    86 |     6 ||    92
Invok: Berserk           |     2 |       ||     2
       Trog's Hand       |       |     1 ||     1
 Stab: Sleeping          |     6 |       ||     6
  Eat: Chunk             |     2 |     4 ||     6
